Map: Odyssey LE

Players

Johnnito

  • Race: Terran Terran
  • League: Platinum
  • Spawn Location: 11:00

eXile - Winner!

  • Race: Zerg Zerg
  • League: Platinum
  • Spawn Location: 5:00

VOD

Have the link to the VOD?

Description

Time

  • Played on: July 23, 2017, 8:49 p.m.
  • Length: 12:05
Show
View Real Time Build Order
Export as new Build Order

Johnnito Terran 

Build Orders:  

Get SALT Encoding   

  12  0:01  SCV  
  13  0:13  SCV  
  14  0:17  Supply Depot  
  14  0:27  SCV  
  15  0:39  SCV  
  15  0:41  Barracks  
  16  0:51  SCV  
  17  1:02  Barracks  
  17  1:03  SCV  
  18  1:11  Supply Depot  
  18  1:17  SCV  
  19  1:29  SCV  
  20  1:33  Refinery  
  20  1:38  Marine  
  21  1:42  Orbital Command  
  21  1:57  Bunker  
  21  1:59  Marine  
  22  2:02  Marine  
  23  2:12  SCV, Refinery  
  24  2:17  Marine  
  25  2:34  Marine  
  26  2:37  Bunker  
  26  2:42  Marine  
  27  2:45  Factory  
  27  2:46  SCV  
  28  2:52  Marine  
  29  2:59  Marine  
  31  3:24  Barracks Tech Lab  
  31  3:26  SCV  
  27  3:33  Starport  
  27  3:35  Orbital Command  
  27  3:39  Bunker  
  27  3:42  Factory Tech Lab  
  27  4:02  Siege Tank  
  30  4:05  Barracks Tech Lab  
  30  4:14  Starport Tech Lab  
  30  4:18  SCV  
  31  4:30  Bunker  
  29  5:08  Marauder  
  31  5:16  Supply Depot  
  31  5:17  Supply Depot  
  31  5:18  Command Center  
  31  5:33  Siege Tank, Marine  
  31  5:34  Marauder  
  31  5:35  Cloaking Field  
  37  5:37  Banshee  
  37  5:40  SCV  
  40  5:50  Command Center  
  40  5:51  Marine  
  40  5:52  SCV  
  40  5:57  Marine  
  42  6:00  Concussive Shells  
  42  6:04  SCV  
  43  6:05  Siege Tank  
  46  6:14  Marine  
  47  6:31  Banshee  
  49  6:37  Barracks x2  
  49  6:39  Barracks  
  46  7:56  Marauder, Marine x3  
  48  8:07  Engineering Bay  
  48  8:17  Barracks Reactor  
  48  8:18  Barracks Tech Lab, Barracks x2  
  48  8:20  Stimpack  
  48  8:23  Starport Tech Lab  
  48  8:28  Marine  
  48  8:29  Marauder, Starport Reactor  
  48  8:30  Orbital Command  
  48  8:34  SCV  
  52  8:39  Planetary Fortress  
  52  8:46  Starport, Marine  
  53  9:05  Marine  
  53  9:06  Missile Turret  
  54  9:10  Terran Infantry Weapons Level 1  
  54  9:12  Barracks  
  54  9:14  SCV  
  55  9:18  Missile Turret  
  55  9:20  Missile Turret  
  55  9:22  Viking  
  57  9:25  SCV  
  57  9:28  SCV  
  59  9:36  Starport Reactor  
  59  9:40  Barracks Reactor  
  59  9:44  Barracks Reactor  
  59  9:51  SCV x3  
  62  10:02  Marine x2  
  62  10:03  Marauder x2, SCV x2  
  70  10:10  Marine  
  71  10:18  Missile Turret  
  71  10:20  Marine x2  
  71  10:24  Marine  
  67  10:38  Marine x4  
  69  10:43  Marine  
  65  10:53  Medivac  
  65  10:55  Marine  
  65  10:56  Marine x3  
  71  11:00  Marine  
  65  11:13  Marine  
  65  11:17  Marine x3  
  66  11:18  Marine  
  66  11:23  SCV  
  67  11:31  Marine  
  68  11:36  Marine x2  
  68  11:37  Marine  
  71  11:43  Marine  
  71  11:44  Marine  
Show
View Real Time Build Order
Export as new Build Order

eXile Zerg - Winner!

Build Orders: Pool First, Ravager All-In 

Get SALT Encoding   

  12  0:02  Drone  
  13  0:13  Overlord  
  13  0:23  Drone  
  14  0:34  Extractor  
  14  0:35  Drone  
  14  0:41  Spawning Pool  
  13  0:45  Drone  
  14  0:55  Drone  
  15  1:04  Drone x2  
  17  1:09  Extractor  
  16  1:23  Drone  
  16  1:24  Drone  
  18  1:27  Queen  
  20  1:37  Roach Warren  
  19  1:44  Drone  
  19  1:46  Drone  
  22  2:01  Drone  
  22  2:05  Overlord  
  22  2:17  Overlord  
  22  2:24  Roach  
  24  2:34  Roach  
  24  2:36  Roach  
  24  2:37  Roach x2  
  32  2:50  Roach  
  30  3:26  Roach x5  
  38  3:36  Overlord  
  38  3:47  Overlord  
  38  3:49  Hatchery  
  37  3:58  Ravager  
  37  3:59  Ravager x2  
  37  4:01  Overlord  
  40  4:08  Drone  
  41  4:12  Overlord x2  
  41  4:35  Ravager x4  
  45  4:39  Roach  
  45  4:40  Overlord x2  
  41  5:16  Drone x2  
  41  5:17  Drone x3  
  46  5:25  Roach  
  48  5:32  Lair  
  48  5:35  Drone x2  
  50  5:36  Queen  
  52  5:49  Drone x3  
  55  5:54  Metabolic Boost  
  55  5:59  Drone  
  56  6:13  Zergling x10  
  61  6:25  Drone  
  61  6:26  Drone  
  61  6:27  Hatchery  
  62  6:39  Drone x2  
  65  6:40  Drone x3  
  67  6:47  Overseer  
  67  6:51  Baneling Nest, Drone, Extractor  
  67  6:52  Drone x3  
  67  6:53  Extractor  
  68  7:00  Spore Crawler  
  56  7:23  Spire  
  56  7:25  Drone x2  
  56  7:26  Drone x6  
  56  7:27  Drone x2  
  65  7:36  Drone x2  
  65  7:37  Drone  
  68  7:39  Queen  
  70  8:04  Spore Crawler  
  69  8:05  Queen  
  69  8:12  Drone x3  
  74  8:13  Drone x6  
  74  8:14  Drone  
  81  8:27  Evolution Chamber  
  81  8:30  Evolution Chamber  
  81  8:31  Roach  
  81  8:32  Overlord  
  81  8:33  Overlord x3  
  81  8:50  Queen  
  81  8:51  Queen  
  81  8:54  Mutalisk x6  
  81  8:55  Mutalisk  
  99  9:04  Spore Crawler  
  99  9:05  Mutalisk x3  
  104  9:13  Zerg Missile Weapons Level 1  
  104  9:15  Zerg Ground Armor Level 1  
  104  9:18  Overlord, Mutalisk  
  104  9:23  Drone, Extractor  
  104  9:24  Drone  
  107  9:25  Extractor  
  107  9:26  Queen  
  107  9:29  Mutalisk x2  
  112  9:32  Overlord  
  112  9:47  Drone x7  
  112  9:48  Drone x2  
  121  9:54  Infestation Pit  
  120  10:07  Overlord x4  
  120  10:08  Overlord x2  
  120  10:22  Hatchery  
  115  11:01  Overlord  
  115  11:02  Overlord x2, Mutalisk x4  
  115  11:03  Mutalisk x5  
  133  11:15  Mutalisk  
  135  11:20  Overlord x2  
  135  11:21  Overlord  
  135  11:22  Zergling x4  
  137  11:27  Zergling x2  
  138  11:37  Hatchery  
  137  11:42  Zergling x2  
  137  11:43  Zergling x6  
Tags
 
Add a new tag
Caveats
  • Supply blocks, unpowered buildings, or Contaminate may cause inaccurate times.
  • Supply counts are checked every 10 seconds.